 Dungeon Crawl Stone Soup version 0.31.0-4-g52a2dc7128 (console) character file.

Game seed: 3215246473355737057

2823 AlterAsc the Mimic (level 9, -3/91 HPs)
             Began as an Octopode Shapeshifter on Jan 21, 2024.
             Was a Follower of Trog.
             Slain by Erica
             ... wielding a +2 scimitar of flaming
              (14 damage)
             ... on level 8 of the Dungeon on Jan 22, 2024.
             The game lasted 00:18:54 (7042 turns).

AlterAsc the Mimic (Octopode Shapeshifter)          Turns: 7042, Time: 00:18:55

Health: -3/91      AC:  1    Str: 13    XL:     9   Next: 73%
Magic:  9/9        EV: 18    Int: 12    God:    Trog [*.....]
Gold:   511        SH:  5    Dex: 22    Spells: 8/8 levels left

rFire   . . .        e - melded +1 dagger (venom)
rCold   . . .        (shield currently unavailable)
rNeg    . . .        (helmet restricted)
rPois   .            u - amulet of reflection
rElec   .            o - ring of see invisible
rCorr   +            t - +6 ring of dexterity
SInv    +            w - ring of resist corrosion
Will    .....        (no ring) Stlth
                     (no ring)
HPRegen 0.35/turn    (no ring)
MPRegen 0.11/turn    (no ring)
                     (no ring)

%: reflection
@: berserking, flux-form, slowed, glowing, constricted
A: glow, contaminating, almost no armour, amphibious, 8 rings, camouflage 1,
gelatinous body 1, (nimble swimmer 1), tentacles
a: Begin Untransformation, Renounce Religion, Berserk


You were on level 8 of the Dungeon.
You worshipped Trog.
Trog was aware of your devotion.
You were something dangerously unstable.
You visited 1 branch of the dungeon, and saw 8 of its levels.

You collected 511 gold pieces.

Inventory:

Hand Weapons
 e - a +1 dagger of venom (melded)
 E - the +10 battleaxe of the Boar {venom, rC++ Int+2 Dex-2}
   (You found it on level 8 of the Dungeon)

   Int+2:     It affects your intelligence (+2).
   Dex-2:     It affects your dexterity (-2).
   rC++:      It greatly protects you from cold.
Jewellery
 g - a ring of wizardry
 h - a ring of ice
 o - a ring of see invisible (left tentacle)
 s - a ring of wizardry
 t - a +6 ring of dexterity (right tentacle)
 u - an amulet of reflection (around mantle)
 w - a ring of resist corrosion (on tentacle)
Talismans
 b - a beast talisman
 c - a flux talisman (active)
 m - a maw talisman
Wands
 H - a wand of charming (7)
Scrolls
 d - 2 scrolls of immolation
 f - a scroll of torment
 j - a scroll of butterflies {unknown}
 l - 2 scrolls of noise
 n - 4 scrolls of teleportation
 r - 2 scrolls of enchant weapon
 v - 2 scrolls of amnesia
 y - a scroll of fog {unknown}
 A - a scroll of enchant armour {unknown}
 B - a scroll of revelation {unknown}
 C - a scroll of acquirement {unknown}
 D - 2 scrolls of poison
 F - a scroll of vulnerability {unknown}
Potions
 a - a potion of lignification
 i - 2 potions of attraction {unknown}
 k - 3 potions of might
 p - 3 potions of cancellation
 q - 3 potions of heal wounds
 x - a potion of berserk rage {unknown}
 z - a potion of invisibility {unknown}
 G - a potion of haste {unknown}


   Skills:
 + Level 5.5 Fighting
 + Level 5.9 Dodging
 + Level 6.3 Unarmed Combat
 + Level 8.7 Shapeshifting


You had 8 spell levels left.
You didn't know any spells.
Your spell library contained the following spells:

 Spells                   Type           Power      Damage    Failure   Level
 Dazzling Flash           Conj/Hex       0%         N/A       69%         3
 Mephitic Cloud           Conj/Alch/Air  0%         N/A       69%         3
 Ozocubu's Armour         Ice            0%         N/A       69%         3
 Curse of Agony           Necr           0%         N/A       100%        5
 Metabolic Englaciation   Hex/Ice        0%         N/A       100%        5
 Silence                  Hex/Air        0%         N/A       100%        5
 Sculpt Simulacrum        Ice/Alch       0%         N/A       100%        6


Dungeon Overview and Level Annotations

Branches:
Dungeon (8/15)             Temple (0/1) D:4            Lair (0/5) D:8

Altars:
Trog
Uskayaw
Yredelemnul
Zin

Shops:
D:1 [   D:5 (   D:6 [   D:7 *

Annotations:
D:3 Grinder
D:4 3 runed translucent doors, AlterAsc's ghost, amateur OpSh; paps's ghost, amateur OpSh
D:6 3 runed translucent doors, Conn's ghost, novice OpFE
D:7 2 transporters
D:8 Erica


Innate Abilities, Weirdness & Mutations

You are something dangerously unstable.
You glow with magical radiation, making you easy to see and hit.
Foes you strike become dangerously contaminated with magical radiation.
You are incapable of wielding weapons or throwing items.
You cannot wear most types of armour.
You are amphibious.
You can wear up to eight rings at the same time.
Your skin changes colour to match your surroundings (Stealth+).
Your rubbery body absorbs attacks. (AC +1, EV +1)
((You are camouflaged when in or above water. (Stealth+)))
You have tentacles for arms and can constrict up to eight enemies at once.


Message History

Trog accepts your kill.
Erica the Fiery-Tempered comes into view.
She is wielding a +2 scimitar of flaming.
Press: ? - help, v - describe, . - travel
Here: Erica, wielding a +2 scimitar of flaming and wearing a ring of willpower The floor.
Press: ? - help, v - describe, . - travel
Here: Erica, wielding a +2 scimitar of flaming and wearing a ring of willpower The floor.
Erica casts a spell.
Erica flickers and vanishes for a moment.
Erica casts a spell at you.
You feel yourself slow down.
A red film seems to cover your vision as you go berserk!
You feel yourself moving faster!
You feel mighty!
Erica hits you with a +2 scimitar of flaming!
Erica burns you. You block Erica's attack.
You completely miss Erica. Your grab misses Erica.
Erica hits you with a +2 scimitar of flaming!!
Erica burns you! Erica grabs you. Erica constricts you.
You barely miss Erica. Your grab misses Erica. You squeeze Erica.
Erica is lightly wounded.
You block Erica's attack. Erica constricts you.
You bludgeon Erica!
Erica begins to glow.
Your grab misses Erica.
Erica is lightly wounded.
Erica hits you with a +2 scimitar of flaming!!
* * * LOW HITPOINT WARNING * * *
Erica burns you.
* * * LOW HITPOINT WARNING * * *
Erica constricts you.
* * * LOW HITPOINT WARNING * * *
Press: ? - help, v - describe, . - travel
Here: Erica, wielding a +2 scimitar of flaming and wearing a ring of willpower (lightly wounded, constricting you, slightly transparent, contaminated)
The floor.
You are too berserk!
You bludgeon Erica!
Erica glows dangerously bright.
You grab Erica. You squeeze Erica.
Erica is moderately wounded.
You constrict Erica.
Erica hits you with a +2 scimitar of flaming!
You die...
Erica begins burbling mirthfully and uncontrollably.

#.# #.....## #.##.# ..#
#..##..## ##.####
######.####..###..####
##..## ##..##..#..#
##...## ##........#
##..##.# ##...#####
...###.## #.....####
.....#..# ##.<......#
........####.......>##
.........##..........#
...............xp....#
..............#####..##
..............#####...#
.........#......##..###
.........###.........#
.........# #x.########
.........# #...#####..
........# #........#
#.#....#### ..###..##
..#. ##..##


You could see Erica (invisible, heavy contam).

Vanquished Creatures
  Prince Ribbit (D:5)
  2 wyverns (D:8)
  3 basilisks (D:8)
  An acid dragon (D:8)
  A water moccasin (D:6)
  A black bear (D:7)
  A sky beast (D:7)
  2 ogres
  2 centaurs
  A phantom (D:5)
  2 kobold brigands (D:7)
  4 bullfrogs
  2 scorpions
  3 wights (D:7)
  2 jellies (D:6)
  A gnoll bouda (D:8)
  Terence (D:3)
  An iguana (D:4)
  3 orc wizards (D:7)
  5 gnolls (D:8)
  7 adders
  3 white imps
  4 ufetubi (D:6)
  2 dart slugs (D:1)
  4 ribbon worms
  10 orcs
  5 bats
  6 endoplasms
  4 giant cockroaches
  8 goblins
  3 hobgoblins
  4 jackals (D:2)
  4 quokkas
  8 ball pythons
  A frilled lizard (D:1)
  13 kobolds
  6 rats
131 creatures vanquished.

Notes
Turn   | Place    | Note
-------+----------+-------------------------------------------
     0 | D:1      | AlterAsc the Octopode Shapeshifter began the quest for the
                  | Orb.
     0 | D:1      | Reached XP level 1. HP: 13/13 MP: 1/1
    67 | D:1      | Found Fyttaemyngu's Antique Armour Emporium.
   164 | D:1      | Reached XP level 2. HP: 16/18 MP: 2/2
   497 | D:1      | Reached XP level 3. HP: 23/23 MP: 3/3
   570 | D:1      | Reached skill level 4 in Shapeshifting
  1041 | D:2      | Reached XP level 4. HP: 13/28 MP: 4/4
  1433 | D:3      | Noticed Terence
  1440 | D:3      | Killed Terence
  1487 | D:3      | Found a faded altar of an unknown god.
  1514 | D:3      | Noticed Grinder
  1653 | D:3      | You fall into a shaft and drop 3 floors!
  1693 | D:6      | Reached skill level 5 in Shapeshifting
  1743 | D:6      | Noticed an ogre
  1777 | D:5      | Entered Level 5 of the Dungeon
  2037 | D:3      | Reached XP level 5. HP: 33/33 MP: 5/5
  2622 | D:4      | Found a bloodstained altar of Trog.
  2632 | D:4      | Became a worshipper of Trog the Wrathful
  2654 | D:4      | Found a runed translucent gate.
  2655 | D:4      | Found a runed translucent gate.
  2656 | D:4      | Found a runed translucent gate.
  2661 | D:4      | Noticed AlterAsc's ghost (amateur OpSh)
  2662 | D:4      | Noticed paps's ghost (amateur OpSh)
  2963 | D:4      | Found a staircase to the Ecumenical Temple.
  3166 | D:4      | Found a hide-covered altar of Uskayaw.
  3416 | D:5      | Reached skill level 6 in Shapeshifting
  3416 | D:5      | Reached XP level 6. HP: 38/38 MP: 6/6
  3445 | D:5      | Noticed Prince Ribbit
  3467 | D:5      | Killed Prince Ribbit
  3468 | D:5      | Reached skill level 7 in Shapeshifting
  3538 | D:5      | Found Rynnoq Ifidu's Antique Weapon Emporium.
  3662 | D:5      | Reached XP level 7. HP: 35/43 MP: 7/7
  4547 | D:6      | Reached XP level 8. HP: 32/51 MP: 8/8
  4638 | D:6      | Found Diwian's Antique Armour Shop.
  4655 | D:6      | Reached * piety under Trog
  5059 | D:6      | Found a basalt altar of Yredelemnul.
  5102 | D:6      | Found a runed translucent gate.
  5103 | D:6      | Found a runed translucent gate.
  5103 | D:6      | Found a runed translucent gate.
  5106 | D:6      | Noticed Conn's ghost (novice OpFE)
  5396 | D:7      | Found a transporter.
  5399 | D:7      | Found a transporter.
  5493 | D:7      | Reached skill level 5 in Unarmed Combat
  5572 | D:7      | Reached skill level 8 in Shapeshifting
  5908 | D:7      | Found Zin's Purification Station.
  5911 | D:7      | Found a glowing silver altar of Zin.
  5979 | D:7      | Reached XP level 9. HP: 50/59 MP: 9/9
  6334 | D:8      | Reached skill level 5 in Dodging
  6614 | D:8      | Reached skill level 5 in Fighting
  6792 | D:8      | Identified the +10 battleaxe of the Boar {venom, rC++ Int+2
                  | Dex-2}
  6830 | D:8      | Found a staircase to the Lair.
  7018 | D:8      | Noticed Erica
  7042 | D:8      | Slain by Erica

Illustrated notes

Levels and vault maps discovered:
D:1:      orjb1_clovarrival, layout_loops_ring, serial_shops,
          nicolae_shop_statue_plus, corner_web_ring
D:2:      layout_rooms
D:3:      layout_loops_ring, shapermc_ecumenical_altar_totnotflames,
          kennysheep_cluttered_room, uniq_terence, uniq_grinder
D:4:      layout_basic, lemuel_coloured_pillars_altar,
          mainiacjoe_overflow_paths, temple_hall, gammafunk_ghost_cemetery,
          grunt_decor_one_mirror
D:5:      layout_gridville, serial_shops, nicolae_shop_dealshenge,
          uniq_prince_ribbit1
D:6:      layout_basic, mainiacjoe_overflow_alcove_1, serial_shops, shop,
          ebering_ghost_rock_garden
D:7:      gammafunk_beogh_shrine, layout_cave_pools, zin_purify, st_stairs_7
D:8:      layout_layer_cave, erik_lair_dragon, uniq_maurice, uniq_erica

Skill      XL: |  1  2  3  4  5  6  7  8  9 |
---------------+----------------------------+-----
Shapeshifting  | 4 5 6 7 8 |  8.7
Fighting       | 2 4 5 |  5.5
Dodging        | 3 4 5 |  5.9
Unarmed Combat | 4 5 6 |  6.3

Action                     |  1- 3 |  4- 6 |  7- 9 || total
---------------------------+-------+-------+-------++-------
  Melee: Unarmed           |    15 |    13 |   186 ||   214
         Constrict         |    15 |    19 |    42 ||    76
         Tentacles         |    10 |    21 |    56 ||    87
         Dagger            |    49 |    78 |       ||   127
         Punch             |     1 |     3 |       ||     4
 Invoke: Berserk           |       |       |     6 ||     6
    Use: Potion            |       |     1 |       ||     1
         Scroll            |       |       |    11 ||    11
   Stab: Sleeping          |     5 |     6 |     2 ||    13
 Armour: Skin              |    20 |    40 |    71 ||   131
  Dodge: Dodged            |    32 |    35 |   134 ||   201
  Block: Other             |       |     8 |    37 ||    45
         Reflection        |       |     1 |       ||     1
   Form: Flux              |       |     1 |       ||     1
